[Event "Early-Titled-Tuesday-Blitz-January-30-2024"]
[Site "Chess.com"]
[Date "2024.01.30"]
[Round "5"]
[White "Zhigalko_Sergei"]
[Black "GaiozNigalidze"]
[Result "0-1"]
[WhiteElo "2945"]
[BlackElo "2718"]
[TimeControl "180+1"]
[EndTime "8:59:07 PST"]
[Termination "GaiozNigalidze won on time"]

1. e4 d6 2. d4 g6 3. Nc3 Bg7 4. Nf3 a6 5. Be3 e6 6. Bd3 Ne7 7. O-O Nd7 8. Re1 O-O 9. Qd2 e5 10. Bh6 Nc6 11. Bxg7 Kxg7 12. Bf1 h6 13. Rad1 exd4 14.
Nxd4 Nf6 15. f3 Bd7 16. Qf2 Nxd4 17. Qxd4 Kh7 18. Bc4 b5 19. Bb3 c5 20. Qxd6 c4 21.
e5 cxb3 22. axb3 Bf5 23. Qxf6 Qxf6 24. exf6 Bxc2 25. Rd6 Bxb3 26. Re7 b4 27. Ne4 g5 28.
Nc5 Bc4 29. b3 Rac8 30. Nd7 Bxb3 31. Nxf8+ Rxf8 32. Rxa6 Rb8 33. Raa7 Bd5 34. Rad7 Bc4 35. Rb7 Rxb7 36. Rxb7 b3 37. Rb4 Be6 38. Kf2 Kg6 39. g4 Kxf6 40. Ke3 Bd5 41. Rb5 Be6 42. h3 Kg6 43. f4 gxf4+ 44. Kxf4 Kf6 45. h4 Kg6 46. Rb6 Kf6 47. Rb7 Kg6 48. Rb5 Kf6 49. h5 Bc4 50. Rb6+ Be6 51. Rc6 Kg7 52. g5 Bd5 53. Rxh6 Be6 54.
g6 Kxh6 55. g7 Kxg7 56. Kg5 Kh7 57. h6 b2 58. Kf6 b1=Q 59. Ke7 Qg6 60. Kf8 Qxh6+ 61.
Ke7 Qg6 62. Kf8 f5 63. Ke7 Qf7+ 64. Kd6 Qd7+ 0-1

[Event "Early-Titled-Tuesday-Blitz-January-30-2024"]
[Site "Chess.com"]
[Date "2024.01.30"]
[Round "5"]
[White "MusicCityMaster"]
[Black "bazar-wokzal"]
[Result "0-1"]
[WhiteElo "2432"]
[BlackElo "2593"]
[TimeControl "180+1"]
[EndTime "8:59:07 PST"]
[Termination "bazar-wokzal won on time"]

1. d4 Nf6 2. c4 Nc6 3. Nf3 e6 4. e3 Bb4+ 5. Bd2 a5 6. Bd3 d6 7. O-O e5 8. Qc2 Bg4 9. a3 Bxd2 10. Nbxd2 O-O 11. h3 Bh5 12. d5 Nb8 13. b4 axb4 14.
axb4 Na6 15. Rfb1 Qe7 16. Ra4 Bxf3 17. gxf3 c6 18. dxc6 bxc6 19. Qa2 Nc7 20. b5 Rxa4 21. Qxa4 cxb5 22. cxb5 Ncd5 23. Qb3 Nb6 24. Nc4 Rb8 25. Qa3 Nxc4 26. Bxc4 Qd7 27. b6 d5 28. Bf1 h5 29. Qa7 Rb7 30. Qa8+ Kh7 31. Bd3+ e4 32. fxe4 dxe4 33. Be2 Qc6 34. Qd8 Nd5 35. Qg5 Rxb6 36. Qxh5+ Kg8 37. Ra1 Qg6+ 38. Qxg6 Rxg6+ 39. Kf1 Nc3 40. Ra8+ Kh7 41. Bc4 Rf6 42. Ra3 Nd1 43. Ke2 Nxf2 44.
Bd5 Kg6 45. Ra4 Nxh3 46. Bxe4+ Kg5 47. Ra5+ Kg4 48. Kd3 Nf2+ 49. Kd4 Nxe4 50. Kxe4 Re6+ 51. Kd3 g5 52. e4 Rg6 53. Rf5 Rg7 54. Rf6 Kh3 55.
Ke3 g4 56. Kf4 Kg2 57. Ke3 g3 58. Ke2 Kg1 59. Kf3 g2 60. e5 Kf1 61. Ke3+ Ke1 62. Kf3 g1=Q 0-1

[Event "Early-Titled-Tuesday-Blitz-January-30-2024"]
[Site "Chess.com"]
[Date "2024.01.30"]
[Round "5"]
[White "Oleksandr_Bortnyk"]
[Black "VladimirKramnik"]
[Result "1-0"]
[WhiteElo "3117"]
[BlackElo "2934"]
[TimeControl "180+1"]
[EndTime "8:59:10 PST"]
[Termination "Oleksandr_Bortnyk won on time"]

1. e4 c5 2. c3 Nf6 3. e5 Nd5 4. d4 cxd4 5. Nf3 e6 6. cxd4 d6 7. Bc4 Be7 8. O-O O-O 9. Qe2 b6 10. Rd1 Nc6 11. Nbd2 dxe5 12. dxe5 Na5 13. Bb5 Bd7 14.
Ne4 Bxb5 15. Qxb5 Rc8 16. Bg5 Bxg5 17. Nfxg5 Nc4 18. Nf3 a6 19. Qxa6 Nxb2 20. Rd4 Rc2 21. Ne1 Qc8 22. Qa3 Nf4 23. Nxc2 Qxc2 24. Nf6+ gxf6 25. Rxf4 f5 26. Qg3+ Kh8 27. Qh4 Nd3 28. Qf6+ Kg8 29. Qg5+ Kh8 30. Qf6+ Kg8 31. Rf3 f4 32. h4 Qb2 33. Qg5+ Kh8 34. Rd1 Nxe5 35. Qf6+ Kg8 36. Rxf4 Qe2 37. Rfd4 Ng6 38. Qg5 f6 39.
Qg3 e5 40. Rd7 Kh8 41. f3 Rg8 42. Rd8 Nf8 43. Qf2 Qc4 44. Qxb6 Qf4 45. Qf2 e4 46. fxe4 Qe5 47. Qf5 Qb2 48. Qf2 Qe5 49. R1d5 Qe6 50. Qf5 Qb6+ 51. Kh2 Qb2 52. Rd2 Qb6 53. a4 Ng6 54. Rxg8+ Kxg8 55. Qc8+ Kg7 56. Qd7+ Kh6 57. Qd6 Qe3 58. Qd3 Qf4+ 59. g3 Qc7 60. Qe3+ Kg7 61. Qd4 Ne5 62. Kg2 Qa5 63. Rc2 Kg6 64. Qf2 Qb4 65.
Qf5+ Kg7 66. Rc7+ Nf7 67. Qd5 Qb2+ 68. Kh3 1-0

[Event "Early-Titled-Tuesday-Blitz-January-30-2024"]
[Site "Chess.com"]
[Date "2024.01.30"]
[Round "5"]
[White "Hongjin"]
[Black "Manukyan_Artak"]
[Result "1-0"]
[WhiteElo "2812"]
[BlackElo "2615"]
[TimeControl "180+1"]
[EndTime "8:59:11 PST"]
[Termination "Hongjin won by resignation"]

1. c4 g6 2. Nc3 Bg7 3. g3 d6 4.
Bg2 Nf6 5. d4 O-O 6. Nf3 Nbd7 7.
O-O e5 8. b3 c6 9. Bb2 Qe7 10.
e4 Rd8 11. Re1 Nf8 12. Qd2 Bg4 13. d5 c5 14. a3 a5 15. Na4 Qc7 16. Bc3 Bd7 17.
Nb2 h5 18. Qc2 Bh6 19. Nd2 h4 20. Nd3 hxg3 21. hxg3 N6h7 22. f4 f6 23. Nf3 g5 24.
f5 g4 25. Nh2 Kh8 26. Nxg4 Bg5 27. Nh2 Be8 28. g4 Qg7 29. Bf3 Bf4 30. Nxf4 exf4 31. Be2 Ng5 32. Kh1 Nd7 33. Qd2 Nxe4 34. Qc2 Nxc3 35.
Qxc3 Ne5 36. Rf1 Qh6 37. Qd2 Rd7 38. Qxf4 Rh7 39. Qxh6 Rxh6 40. Kg2 b6 41. Kg3 Ra7 42. Nf3 Rah7 43. Nxe5 dxe5 44. Bf3 Rh3+ 45. Kf2 Rh2+ 46. Bg2 R7h3 47. Kg1 Rh7 48. b4 cxb4 49. axb4 a4 50.
b5 R2h4 51. Bf3 Rg7 52. Rxa4 Bh5 53. Rf2 Bxg4 54. Bxg4 Rgxg4+ 55. Rg2 Rxg2+ 56. Kxg2 Kg7 57. Kg3 Rf4 58. Ra7+ Kh6 59. Rc7 Rxf5 60. Rc6 Rf4 61. Rxb6 Kg5 62. Rc6 Rd4 63. b6 e4 64. b7 Rd3+ 65.
Kf2 Rb3 66. Rc7 f5 67. d6 f4 68. d7 Rb2+ 69. Ke1 f3 70. d8=Q+ Kf4 71. Qf6+ 1-0

[Event "Early-Titled-Tuesday-Blitz-January-30-2024"]
[Site "Chess.com"]
[Date "2024.01.30"]
[Round "5"]
[White "mac0504"]
[Black "Msb2"]
[Result "1-0"]
[WhiteElo "2745"]
[BlackElo "3005"]
[TimeControl "180+1"]
[EndTime "8:59:12 PST"]
[Termination "mac0504 won by checkmate"]

1. c4 e6 2. Nc3 d5 3. e3 Nf6 4. b3 Bd6 5. Bb2 O-O 6. g4 d4 7.
exd4 e5 8. d5 Bxg4 9. Be2 Bf5 10. Nf3 Na6 11. Nh4 Bg6 12. Nxg6 fxg6 13. a3 Bc5 14.
Rf1 c6 15. dxc6 bxc6 16. b4 Bd4 17. Qa4 Qc8 18. O-O-O Kh8 19. c5 Nxc5 20. bxc5 Bxc5 21. f4 exf4 22. Rxf4 Rb8 23. Rc4 Qb7 24. Qc2 Bd6 25. Ne4 Be7 26. Nc5 Bxc5 27. Rxc5 Qe7 28. Re5 Qd6 29. Bc4 Rb7 30. Re6 Qc5 31. Rf1 Rxb2 32. Kxb2 Rb8+ 33. Ka2 Qd4 34. Bb3 Rd8 35. Rxc6 h6 36.
Rc8 Kh7 37. Rxd8 Qxd8 38. Qc3 Ne4 39. Qc2 Nf6 40. Rc1 Qd6 41. Qb2 Ne4 42. d4 Nf6 43. d5 a5 44. Rc6 Qd7 45. Rxf6 gxf6 46. Qxf6 a4 47. Bc4 Qc7 48. Qc6 Qxh2+ 49. Kb1 Qg1+ 50.
Kc2 Qf2+ 51. Kc3 Qe3+ 52. Kb4 h5 53. d6 Qd2+ 54. Kb5 h4 55. d7 h3 56. Qc7 Qb2+ 57.
Kc6 Qf6+ 58. Qd6 Qd8 59. Qc7 Qf6+ 60. Kc5 Qf2+ 61. Kb5 Qb2+ 62. Ka6 Qf6+ 63. Qb6 Qxb6+ 64.
Kxb6 h2 65. Bd5 h1=Q 66. Bxh1 g5 67. d8=Q Kg6 68. Be4+ Kh5 69. Qh8+ Kg4 70. Qf6 Kg3 71. Qxg5+ Kf2 72. Qb5 Ke3 73. Qxa4 Kf4 74. Ba8+ Ke3 75. Qc4 Kf2 76. Qd3 Ke1 77. Qc2 Kf1 78. Qd2 Kg1 79.
Qg2# 1-0

[Event "Early-Titled-Tuesday-Blitz-January-30-2024"]
[Site "Chess.com"]
[Date "2024.01.30"]
[Round "5"]
[White "Rsnr"]
[Black "MKlose11"]
[Result "0-1"]
[WhiteElo "2836"]
[BlackElo "2659"]
[TimeControl "180+1"]
[EndTime "8:59:13 PST"]
[Termination "MKlose11 won by resignation"]

1. d4 Nf6 2. c4 c5 3. d5 b5 4. Qc2 bxc4 5. e4 d6 6. Nf3 g6 7. Bxc4 Bg7 8. O-O O-O 9. h3 Ba6 10. Na3 Nfd7 11. Bf4 Nb6 12. Be2 Bxe2 13. Qxe2 N8d7 14.
Rad1 f6 15. Nd2 Rb8 16. b3 a5 17. Ndc4 a4 18. Na5 Ra8 19. Nc6 Qe8 20. Nb5 Qf7 21.
Nc7 Rac8 22. Ne6 Rfe8 23. b4 cxb4 24. Nxb4 Nc5 25. Qb5 Nbd7 26. Nxc5 Nxc5 27. Rfe1 f5 28. e5 dxe5 29. Bxe5 Ne4 30. Bxg7 Qxg7 31. Qa6 Qb2 32.
Qe6+ Kg7 33. Nc6 Qxf2+ 34. Kh1 Qg3 35. Kg1 Qf2+ 36. Kh1 Qg3 37. Kg1 Nf2 38. Re3 Nxh3+ 39.
Kh1 Nf2+ 40. Kg1 Qh4 41. Qe5+ Kg8 42. Qe6+ Kf8 43. Rf1 Ng4 44. Rh3 Qg5 45. Rxh7 Qe3+ 46. Qxe3 Nxe3 47. Re1 Nxd5 48. Ne5 Kg8 49. Rh4 Kg7 50.
Rxa4 Rc2 51. Rd4 Nf6 52. a4 Ne4 53. Nf3 Kf6 54. Rb1 g5 55. Rb6+ e6 56. Rd7 g4 57.
Ne1 Rc1 58. Kf1 Rec8 59. Rbb7 Ra1 60. Rf7+ Kg5 61. Rg7+ Kf4 62. Rb2 Rcc1 63. Re2 Ng3+ 64. Kf2 Nxe2 65. Nd3+ Ke4 66. Nxc1 Nxc1 67. Re7 Nd3+ 68.
Ke2 e5 69. Rd7 Ra2+ 70. Kd1 Rxa4 71. Kd2 Rd4 72. Kc3 Rxd7 0-1

[Event "Early-Titled-Tuesday-Blitz-January-30-2024"]
[Site "Chess.com"]
[Date "2024.01.30"]
[Round "5"]
[White "DvaHrasta"]
[Black "DavidGavrilescu18"]
[Result "1-0"]
[WhiteElo "2548"]
[BlackElo "2788"]
[TimeControl "180+1"]
[EndTime "8:59:13 PST"]
[Termination "DvaHrasta won by checkmate"]

1. c4 e6 2. g3 d5 3. Bg2 d4 4. Nf3 c5 5. O-O Nc6 6. e3 Nf6 7. Re1 Bd6 8. a3 a5 9. exd4 cxd4 10. b3 O-O 11. d3 h6 12. Qc2 Nd7 13. Bb2 e5 14. Nbd2 Nc5 15. Ne4 Nxe4 16. Rxe4 Bf5 17. Ree1 Re8 18. Nd2 Rc8 19. Ne4 Bf8 20. h3 Bg6 21. g4 f5 22. gxf5 Bxf5 23. Qd2 Qh4 24. Kh2 Rc7 25. Ng3 Bc8 26. Qe2 Kh8 27. Qh5 Qxh5 28.
Nxh5 Rf7 29. Kg1 Bf5 30. Rad1 g6 31. Ng3 h5 32. Bxc6 bxc6 33. Bxd4 Bxh3 34. Rxe5 Rxe5 35. Bxe5+ Kg8 36. Ne4 Rf5 37. f4 Bxa3 38. d4 Bg4 39. Ra1 Bb4 40. Nf6+ Kf7 41. Nxg4 hxg4 42. Kg2 Rh5 43. Kg3 Rh3+ 44. Kxg4 Rxb3 45. Rh1 a4 46. Rh7+ Ke8 47. Ra7 a3 48. Kg5 Be7+ 49. Kxg6 Rb2 50.
d5 Rg2+ 51. Kf5 cxd5 52. cxd5 Bc5 53. Ra5 Bb4 54. Ra4 Bc5 55. Ke6 Be7 56. Ra8+ Bd8 57. d6 Rg6+ 58. Kd5 Kd7 59. Ra7+ Ke8 60. Rxa3 Rg1 61. Ra8 Kd7 62. Ra7+ Ke8 63. f5 Rh1 64.
Ra8 Kd7 65. Ra7+ Ke8 66. Ke6 Rh6+ 67. f6 Kf8 68. Ra8 Kg8 69. Rxd8+ Kh7 70. d7 Rg6 71. Re8 Kh6 72. d8=Q Kg5 73. Qd3 Kh5 74. Qh3+ Kg5 75. Qg3+ Kh5 76. Rh8+ Rh6 77. Qh3+ Kg5 78. Qxh6+ Kg4 79.
Qg6+ Kf3 80. Rh3+ Ke2 81. Qg2+ Kd1 82. Rh1# 1-0

[Event "Early-Titled-Tuesday-Blitz-January-30-2024"]
[Site "Chess.com"]
[Date "2024.01.30"]
[Round "5"]
[White "hakanazeri2"]
[Black "Anton_Demchenko"]
[Result "0-1"]
[WhiteElo "2614"]
[BlackElo "2955"]
[TimeControl "180+1"]
[EndTime "8:59:14 PST"]
[Termination "Anton_Demchenko won by resignation"]

1. Nf3 Nf6 2. c4 g6 3. Nc3 Bg7 4. e4 O-O 5. d4 d6 6. Be2 e5 7.
O-O h6 8. Re1 Nbd7 9. Bf1 Re8 10. h3 c6 11. dxe5 dxe5 12. Be3 Qe7 13. Qd2 Kh7 14.
Rad1 Nc5 15. Qc2 Nh5 16. b4 Ne6 17. c5 a5 18. a3 axb4 19. axb4 Rd8 20. Rxd8 Qxd8 21.
Rd1 Qf6 22. Na4 Nef4 23. Nb6 Rb8 24. Rd6 Qe7 25. Nxc8 Rxc8 26. g3 Ne6 27. Bc4 Nf8 28.
Qa2 Kg8 29. h4 Nf6 30. Nd2 Ng4 31. Qb3 Ra8 32. Be2 Nxe3 33. Qxe3 Rd8 34. Nc4 Ne6 35. Rxd8+ Qxd8 36. Nd6 Bf8 37. Bc4 Bxd6 38. cxd6 Qxd6 39.
Qxh6 b5 40. Bxe6 Qxe6 41. Qd2 Qe7 42. Qc3 Qd6 43. h5 gxh5 44. Kg2 Kh7 45. Qf3 Qg6 46. Kh2 f6 47. Qd3 Kh6 48. Qd2+ Qg5 49. Qd8 Kg7 50. Qe7+ Kg6 51. Qe8+ Kg7 52. Qe7+ Kh8 53. Qf8+ Kh7 54.
Qf7+ Kh6 55. Qf8+ Qg7 56. Qd6 h4 57. gxh4 Kh5 58. Qd3 Qg4 59. Qe3 Qxh4+ 60. Kg1 Qg5+ 0-1

[Event "Early-Titled-Tuesday-Blitz-January-30-2024"]
[Site "Chess.com"]
[Date "2024.01.30"]
[Round "5"]
[White "Polish_fighter3000"]
[Black "VitaliyBernadskiy"]
[Result "1-0"]
[WhiteElo "3063"]
[BlackElo "2915"]
[TimeControl "180+1"]
[EndTime "8:59:17 PST"]
[Termination "Polish_fighter3000 won by resignation"]

1. e4 c6 2. d4 d5 3. e5 Bf5 4. Nd2 e6 5. Nb3 Bg6 6. Be2 Nd7 7. Nf3 Ne7 8. O-O Nf5 9. a4 Rc8 10. c3 h5 11. a5 a6 12. Bd2 c5 13.
Nc1 h4 14. Nd3 Bh5 15. Ra4 Bxf3 16. Bxf3 cxd4 17. cxd4 Nb8 18. Bg4 g6 19. Qb3 Qd7 20. Bxf5 gxf5 21. Bb4 Qb5 22. Qa3 Rc4 23. Bxf8 Rxf8 24.
Rxc4 dxc4 25. Nf4 Nc6 26. d5 exd5 27. Qd6 Qb4 28. Qxd5 Qxa5 29. Qxc4 Qb4 30. Qc1 Rg8 31. Rd1 Qe4 32. Qd2 Rg4 33. e6 Kf8 34. Qd7 Ne5 35.
e7+ Kg7 36. e8=Q Nxd7 37. Nh5+ Kg6 38. Qg8+ Kxh5 39. Qxf7+ Rg6 40. Qh7+ Rh6 41. Qxd7 h3 42. Qg7 Qxg2+ 43. Qxg2 hxg2 44. Kxg2 Rb6 45. Rd2 Rb3 46.
f3 a5 47. Kg3 Rb4 48. Rd5 Kg6 49. Rxa5 Rxb2 50. Rd5 b5 51. Rd6+ Kf7 52. h4 b4 53.
Kf4 Rh2 54. Kg5 b3 55. Rb6 b2 56. f4 Ke7 57. h5 Kd7 58. h6 Ke7 59. Kg6 Kf8 60. Rb8+ Ke7 61. h7 Ke6 62. Kg7 Rg2+ 63. Kf8 Rh2 64. Rb6+ Kd5 65. Kg7 Rg2+ 66. Kf6 Rh2 67.
Kg6 Ke4 68. Rb4+ Kf3 69. Rxb2 Rxb2 70. h8=Q Kxf4 71. Qxb2 1-0

[Event "Early-Titled-Tuesday-Blitz-January-30-2024"]
[Site "Chess.com"]
[Date "2024.01.30"]
[Round "5"]
[White "LiemLe"]
[Black "eagleclaw07"]
[Result "1-0"]
[WhiteElo "3090"]
[BlackElo "2746"]
[TimeControl "180+1"]
[EndTime "8:59:17 PST"]
[Termination "LiemLe won by resignation"]

1. Nf3 Nf6 2. c4 b6 3. g3 Bb7 4. Bg2 e6 5. O-O Be7 6. Nc3 O-O 7. Re1 d5 8. cxd5 exd5 9. d4 Nbd7 10. Bf4 c5 11.
Rc1 Ne4 12. a3 Rc8 13. dxc5 Rxc5 14. Nxe4 dxe4 15. Nd4 Nf6 16. Rxc5 Bxc5 17. Nb3 Be7 18. Qc2 Qc8 19. Rc1 Qxc2 20. Rxc2 Rc8 21. Rxc8+ Bxc8 22. Nd2 Nd5 23. Bb8 e3 24. fxe3 Nxe3 25. Bxa7 Nxg2 26.
Kxg2 b5 27. Bd4 Bb7+ 28. Kf2 f5 29. b4 Kf7 30. Nb1 g6 31. Nc3 Bc6 32. Ke3 Bg5+ 33. Kd3 Bc1 34. a4 bxa4 35. b5 Bd7 36. b6 Bc6 37. Nxa4 Ba3 38. Bc5 Bxa4 39. b7 Bxc5 40. b8=Q Bd7 41. Qh8 Be7 42. Qxh7+ Kf6 43. h4 Bb5+ 44.
Kd2 Be8 45. Qh8+ Kf7 46. Ke1 Bf6 47. Qh6 Bc3+ 48. Kf1 Bf6 49. h5 g5 50. Qg6+ Ke7 51.
Qxf5 Bxh5 52. Qh7+ Bf7 53. Kf2 Bd4+ 54. Kf3 Bf6 55.
Kg4 Ke6 56. Qe4+ Kd7 57. Kf5 Bd8 58. Qd4+ Ke8 59. Qh8+ Kd7 60. Qe5 Be7 61. Qd4+ Ke8 62.
Qa4+ Kf8 63. Qa7 Be8 64. Ke6 Bf7+ 65. Ke5 Be8 66. Qa8 Kf7 67. Qd5+ Kf8 68. Qb7 Bf7 69. Qc8+ Kg7 70. Qd7 Bf6+ 71. Kf5 Bb2 72. e4 Kg8 73. Kxg5 Bg7 74. Qd8+ Kh7 75. Kf4 Bh6+ 76. Kf3 Bh5+ 77. g4 Bg6 78. g5 Bg7 79. Kf4 Ba1 80. e5 Bb2 81. Qc7+ Kh8 82. Qb8+ Kh7 83. Qxb2 1-0

[Event "Early-Titled-Tuesday-Blitz-January-30-2024"]
[Site "Chess.com"]
[Date "2024.01.30"]
[Round "5"]
[White "cristianserban1"]
[Black "GMKrikor"]
[Result "0-1"]
[WhiteElo "2582"]
[BlackElo "2798"]
[TimeControl "180+1"]
[EndTime "8:59:17 PST"]
[Termination "GMKrikor won on time"]

1. d4 Nf6 2. c4 g6 3. Nc3 d5 4.
cxd5 Nxd5 5. e4 Nxc3 6. bxc3 Bg7 7. Bc4 c5 8. Ne2 O-O 9. O-O Nc6 10. Be3 Bg4 11. f3 Bd7 12. Rb1 Qc7 13. dxc5 Rad8 14. Qc2 Na5 15. Bb5 Bxb5 16. Rxb5 Nc4 17. Qc1 Rd3 18. Bd4 e5 19. Bf2 Rfd8 20. Rb4 Na5 21. Qb1 Rd2 22. Ng3 h5 23. Be3 R2d3 24. Re1 Rxc3 25.
Nf1 Bf8 26. Rc1 Rcd3 27. Rb2 h4 28. Rd2 Rxd2 29. Nxd2 Nc6 30. Nb3 h3 31. g3 Nb4 32.
Rd1 Nc6 33. Rd5 Ne7 34. Rxd8 Qxd8 35. Qc2 Nc6 36. Kf1 Qd7 37. Qd2 Qe6 38. Qd3 Be7 39. Qd5 Qc8 40. Kf2 Nb4 41. Qc4 Nc6 42. Qd5 Kg7 43.
f4 Bf6 44. fxe5 Nxe5 45. Bd4 Ng4+ 46. Kg1 Bxd4+ 47. Qxd4+ Kg8 48. Nd2 Qe6 49. Nc4 Nf6 50. Nd6 Kf8 51. e5 Nd7 52. Nc4 Qc6 53. Qd6+ Qxd6 54.
cxd6 b5 55. Na3 a6 56. Nc2 Nxe5 57. Nb4 a5 58. Nd5 b4 59. Nb6 Ke8 60. Kf2 Kd8 61.
g4 Nxg4+ 62. Kg3 Ne5 63. Kxh3 g5 64. Kg3 f5 65. h4 f4+ 66. Kh2 gxh4 67. Kh3 f3 68.
Na4 Kd7 69. Nc5+ Kc6 70. Nb7 Kxb7 0-1

[Event "Early-Titled-Tuesday-Blitz-January-30-2024"]
[Site "Chess.com"]
[Date "2024.01.30"]
[Round "5"]
[White "mishanick"]
[Black "AlexeiShirov"]
[Result "1-0"]
[WhiteElo "3141"]
[BlackElo "2753"]
[TimeControl "180+1"]
[EndTime "8:59:18 PST"]
[Termination "mishanick won by resignation"]

1. d4 d5 2. c4 c6 3. Nc3 Nf6 4. Nf3 e6 5. e3 Nbd7 6. Qc2 Bd6 7. Be2 O-O 8. O-O dxc4 9. Bxc4 b5 10. Bd3 Bb7 11. e4 e5 12. Bg5 h6 13.
Bh4 Qc7 14. Kh1 Nh5 15. Rac1 Rac8 16. Qd1 Qb6 17. dxe5 Bxe5 18. Bb1 Bxc3 19. Rxc3 Ndf6 20. e5 Nd5 21. Rd3 Nhf4 22. Rd2 Rfe8 23. Qc2 Ng6 24. Bg3 c5 25. h4 Nb4 26. Qf5 Qe6 27. h5 Nf8 28. a3 Nc6 29. Qc2 c4 30. Rfd1 Qg4 31.
Qf5 Qxf5 32. Bxf5 Rcd8 33. Rxd8 Rxd8 34. Rxd8 Nxd8 35. Nd4 a6 36. Bc2 Nfe6 37. Nf5 Nc6 38. Nd6 Ncd4 39. Bd1 Bd5 40. f3 Nc5 41. Bf2 Nde6 42.
Bc2 Nd3 43. Bxd3 cxd3 44. Be3 Nd4 45. Kg1 Nb3 46. Kf2 Na5 47. Nf5 Be6 48. Nd4 Nc4 49.
b3 Nxa3 50. b4 Nc2 51. Nxc2 dxc2 52. Ke1 Bf5 53. Kd2 Kf8 54. g4 Bh7 55. Kc3 Ke8 56.
Kd4 Kd7 57. f4 Kc6 58. f5 Kd7 59. Kc3 g6 60. hxg6 fxg6 61. e6+ Ke8 62. f6 Bg8 63.
f7+ Bxf7 64. exf7+ Kxf7 65. Bxh6 Ke6 66. Kxc2 Kd5 67.
Kd3 Ke5 68. Bd2 Kd5 69. Bf4 1-0

[Event "Early-Titled-Tuesday-Blitz-January-30-2024"]
[Site "Chess.com"]
[Date "2024.01.30"]
[Round "5"]
[White "Barmen_EV"]
[Black "IlanSchnaider"]
[Result "1-0"]
[WhiteElo "2480"]
[BlackElo "2645"]
[TimeControl "180+1"]
[EndTime "8:59:18 PST"]
[Termination "Barmen_EV won by checkmate"]

1. e4 c5 2. Nf3 d6 3. Be2 Nf6 4. c3 e5 5. O-O Be7 6. Re1 O-O 7. Bf1 Bg4 8. d3 Nc6 9. Nbd2 d5 10. exd5 Nxd5 11.
h3 Bh5 12. Ne4 b6 13. Ng3 Bxf3 14. Qxf3 Rc8 15. Nf5 Bf6 16. Be2 Nce7 17. Bd1 Nxf5 18. Qxf5 Ne7 19. Qf3 Ng6 20. Bb3 Qd7 21. Be3 Qxd3 22.
Rad1 Qb5 23. c4 Qe8 24. Bc2 Qe7 25. Qe4 Rfd8 26. g3 Nf8 27. h4 h5 28. a3 g6 29.
Kg2 Ne6 30. g4 hxg4 31. Qxg4 Bxh4 32. Rxd8+ Rxd8 33. Rh1 Bf6 34. Be4 Bg7 35. Bd5 Nc7 36. Qxg6 Nxd5 37. Qh7+ Kf8 38. Bh6 Qf6 39. Qh8+ Ke7 40.
Qxg7 Nf4+ 41. Kf3 Rd3+ 42. Ke4 Qc6+ 43. Kxe5 Qd6+ 44. Kf5 Qe6+ 45. Kxf4 Rd4+ 46. Kf3 Qe4+ 47. Kg3 Qxh1 48. Bg5+ Kd7 49. Qxf7+ Kd6 50. Bf4+ Rxf4 51. Qxf4+ Kd7 52. Qf5+ Kc7 53. Qe5+ Kc8 54. Qe6+ Kb8 55. Qe8+ Kc7 56. Qe7+ Kb8 57. Qd8+ Kb7 58. Qd5+ Qxd5 59.
cxd5 Kc7 60. Kf4 Kd6 61. Ke4 b5 62. b3 a5 63. f4 b4 64. a4 Kd7 65. f5 Kd6 66. f6 Kd7 67. Ke5 c4 68. d6 cxb3 69. f7 b2 70. f8=Q b1=Q 71. Qe7+ Kc6 72. Qc7# 1-0

[Event "Early-Titled-Tuesday-Blitz-January-30-2024"]
[Site "Chess.com"]
[Date "2024.01.30"]
[Round "5"]
[White "picturesquecheck"]
[Black "toninhojit"]
[Result "0-1"]
[WhiteElo "2367"]
[BlackElo "2581"]
[TimeControl "180+1"]
[EndTime "8:59:18 PST"]
[Termination "toninhojit won by resignation"]

1. e4 e5 2. Nf3 Nc6 3. Nc3 Nf6 4. Bb5 Bb4 5. O-O O-O 6. d3 d6 7. Ne2 Ne7 8. Bc4 c6 9. a3 Ba5 10. Ba2 h6 11. Ng3 Ng6 12. h3 Bb6 13. Be3 Be6 14.
c4 d5 15. Bxb6 Qxb6 16. b4 dxc4 17. dxc4 Rad8 18. Qc2 c5 19. Rab1 Nf4 20. Nxe5 Qc7 21. Nf3 Rfe8 22. bxc5 Nd7 23. Rfd1 Nxc5 24. Rxd8 Rxd8 25.
Rd1 Rxd1+ 26. Qxd1 Ng6 27. Qd2 Ne5 28. Nxe5 Qxe5 29.
Qe3 b6 30. Qc1 g6 31. Qe1 h5 32. h4 Qd4 33. Qc1 Qxf2+ 34. Kxf2 Nd3+ 35. Ke3 Nxc1 36. Bb1 Bxc4 37. Nh1 Be6 38. Nf2 Nb3 39. Nd3 a5 40. Nf4 Nc5 41. Nxe6 Nxe6 42. Ba2 Kf8 43. e5 Ke7 44.
Ke4 Nc7 45. Bc4 b5 46. Bd3 b4 47. axb4 axb4 48. Kd4 Ne6+ 49. Kc4 Nf4 50. Bf1 Ke6 51.
g3 Nd5 52. Kd4 Nc7 53. Bc4+ Ke7 54. Kc5 Ne6+ 55. Kxb4 Nd4 56. Bd3 Nc6+ 57. Kc5 Nxe5 58. Be2 Kf6 59. Kd4 Nd7 60. Ke4 Ke7 61. Kf4 f6 62. g4 hxg4 63. Bxg4 Ne5 64. Be2 Kf7 65.
Bd1 Kg7 66. Bb3 Kh6 67. Bd1 Nf7 68. Be2 Ne5 69. Bd1 Nd3+ 70. Ke3 Nc5 71. Kf4 Ne6+ 72. Ke3 Ng7 73. Kf4 Nf5 74. Bc2 Nxh4 75. Kg4 g5 0-1

[Event "Early-Titled-Tuesday-Blitz-January-30-2024"]
[Site "Chess.com"]
[Date "2024.01.30"]
[Round "5"]
[White "AustinThomas12345"]
[Black "IMRosen"]
[Result "0-1"]
[WhiteElo "2503"]
[BlackElo "2726"]
[TimeControl "180+1"]
[EndTime "8:59:19 PST"]
[Termination "IMRosen won by checkmate"]

1. e4 c5 2. Nf3 Nc6 3. d4 cxd4 4. Nxd4 g6 5. Nc3 Bg7 6. Be3 Nf6 7. Bc4 O-O 8. Bb3 Re8 9. O-O d6 10. f3 Na5 11.
Qd3 b6 12. Ba4 Bd7 13. Bxd7 Nxd7 14. Rad1 Ne5 15. Qb5 Nac4 16. Bc1 a6 17. Qb3 b5 18. f4 Nd7 19. Nd5 e6 20. Nc6 Qh4 21. Nc7 Rec8 22. Nxa8 Rxc6 23. a4 Qd8 24. axb5 axb5 25. Qxb5 Qxa8 26.
b3 Qa7+ 27. Kh1 Rc5 28. Qb4 Ncb6 29. Rxd6 Qc7 30. e5 Rxc2 31. Be3 Nd5 32. Qe4 Bf8 33. Rxd5 exd5 34. Qxd5 Qc6 35. Qxc6 Rxc6 36. Rd1 Bc5 37.
Bc1 Bb6 38. Bb2 Nc5 39. b4 Na4 40. Ba1 Rc4 41. b5 Rxf4 42. g3 Rb4 43. Rc1 Kf8 44. Rc6 Rxb5 45. Bc3 Nxc3 46. Rxc3 Rxe5 47. Rc8+ Ke7 48. Rb8 Bc5 49. Rb7+ Kf6 50. Rc7 g5 51. Rc6+ Kg7 52. Rc8 g4 53. Kg2 Rd5 54. h3 h5 55. hxg4 hxg4 56. Rc6 f6 57. Rc7+ Kg6 58. Rc8 Bd6 59. Rh8 Kf5 60. Rh5+ Ke4 61. Rh4 Rd2+ 62. Kf1 Kf3 63. Ke1 Bb4 64. Rh8 Rd4+ 65. Kf1 Rd1# 0-1

[Event "Early-Titled-Tuesday-Blitz-January-30-2024"]
[Site "Chess.com"]
[Date "2024.01.30"]
[Round "5"]
[White "the_chess_child"]
[Black "jeetjain"]
[Result "1-0"]
[WhiteElo "2876"]
[BlackElo "2543"]
[TimeControl "180+1"]
[EndTime "8:59:21 PST"]
[Termination "the_chess_child won on time"]

1. e4 c6 2. d3 d5 3. Nd2 g6 4.
Ngf3 Bg7 5. g3 Bg4 6. Bg2 e6 7. h3 Bxf3 8. Qxf3 Ne7 9. O-O Nd7 10. Qe2 Qb6 11. c3 O-O 12. Re1 a5 13. Nf3 a4 14. a3 e5 15. Bg5 f6 16. Be3 Qc7 17. Rad1 Rae8 18. Qc2 b5 19. Bc1 f5 20. Ng5 Qd6 21.
c4 h6 22. Nf3 fxe4 23. dxe4 d4 24. b4 axb3 25. Qxb3 Qe6 26. Nd2 Nc5 27. Qc2 Na4 28. Bb2 Nxb2 29. Qxb2 bxc4 30. Qa2 Nc8 31. Bf1 Nb6 32. Bxc4 Nxc4 33. Qxc4 Kh7 34. Qxe6 Rxe6 35. a4 c5 36. Nc4 Rb8 37. Rb1 Rb4 38. Rxb4 cxb4 39.
a5 Bf8 40. Kf1 Kg7 41. Ke2 Kf6 42. Kd3 g5 43. Ra1 Ra6 44. Nb6 Ke6 45. Kc4 Ra7 46. a6 Rc7+ 47. Kb3 Ra7 48. Ra5 Bd6 49. Nc8 Ra8 50. Nxd6 Kxd6 51. Kxb4 h5 52. Rd5+ Ke6 53.
Kb5 Rb8+ 54. Kc6 Rb1 55. a7 Ra1 56. Kb6 Rb1+ 57. Rb5 Ra1 58. Ra5 Rb1+ 59. Ka6 d3 60. a8=Q d2 61. Qe8+ Kf6 62. Qxe5+ Kf7 63. Qf5+ Ke8 64.
Qe6+ Kf8 65. Rf5+ 1-0

[Event "Early-Titled-Tuesday-Blitz-January-30-2024"]
[Site "Chess.com"]
[Date "2024.01.30"]
[Round "5"]
[White "jefferyx"]
[Black "blitzking1729"]
[Result "1-0"]
[WhiteElo "2980"]
[BlackElo "2703"]
[TimeControl "180+1"]
[EndTime "8:59:22 PST"]
[Termination "jefferyx won by resignation"]

1. d4 d5 2. c4 c6 3. Nf3 Nf6 4. cxd5 cxd5 5. Nc3 Nc6 6. Bf4 Bf5 7. Qb3 Na5 8. Qa4+ Bd7 9. Qc2 e6 10. e3 Rc8 11. Bd3 b5 12. a3 Nc4 13. O-O Be7 14. Ne5 O-O 15. Qe2 a6 16. Rfc1 Be8 17. a4 Nd7 18.
Nxd7 Bxd7 19. axb5 axb5 20. b3 Na5 21. Qa2 Bb4 22.
Nxb5 Qb6 23. Bc7 Qb7 24. Bxa5 Rxc1+ 25. Rxc1 Bxb5 26. Bxb4 Ra8 27. Qxa8+ Qxa8 28. Bxb5 h5 29. Bc5 Qa2 30. b4 g5 31. Bf1 Qb2 32. Re1 h4 33. b5 g4 34. b6 g3 35. hxg3 hxg3 36. fxg3 Qd2 37. Re2 Qc1 38. Kf2 Qb1 39. Rd2 Kg7 40.
Bd3 Qc1 41. Ke2 Qg1 42. Bd6 Qxg2+ 43. Kd1 Qh1+ 44. Kc2 Qa1 45. Bc7 Qa4+ 46. Kb1 Qb3+ 47. Kc1 Qc3+ 48. Kd1 f5 49. Ke2 Qb3 50. Ba6 Qa4 51. Bc8 Kf7 52. Kf2 Qc4 53. Bb7 Qc1 54. Re2 Qh1 55. Ba6 Qh2+ 56. Kf3 Qh5+ 57. Kf2 Qh2+ 58.
Ke1 Qg1+ 59. Kd2 Qa1 60. Bd3 Qb2+ 61. Ke1 Qc1+ 62. Kf2 Qh1 63. g4 fxg4 64. b7 Qf3+ 65. Ke1 Qh1+ 66. Kd2 Qa1 67. b8=Q 1-0